Map: Ruins of Seras

Players

CunningStunt

  • Race: Protoss Protoss
  • League: Gold

A.I. 2 (Very Easy) - Winner!

  • Race: Zerg Zerg

A.I. 3 (Very Easy) - Winner!

  • Race: Zerg Zerg

VOD

Have the link to the VOD?

Description

Time

  • Played on: Sept. 8, 2015, 10:49 a.m.
  • Length: 8:47
Show
View Real Time Build Order
Export as new Build Order

CunningStunt Protoss 

Build Orders: 1 Gate Expand 

Get SALT Encoding   

  12  0:00  Probe (Chrono Boost)  
  13  0:10  Probe (Chrono Boost)  
  14  0:19  Pylon  
  14  0:22  Probe (Chrono Boost)  
  15  0:37  Probe (Chrono Boost)  
  16  0:45  Gateway  
  16  0:47  Probe (Chrono Boost)  
  17  1:14  Probe (Chrono Boost), Nexus  
  18  1:25  Probe (Chrono Boost)  
  19  1:29  Assimilator  
  19  1:30  Assimilator  
  19  1:35  Probe (Chrono Boost)  
  20  1:43  Cybernetics Core  
  20  1:46  Probe (Chrono Boost)  
  21  1:53  Pylon  
  21  1:59  Probe (Chrono Boost)  
  21  2:05  Zealot  
  23  2:11  Probe (Chrono Boost)  
  24  2:16  Warp Gate (Chrono Boost)  
  24  2:22  Probe  
  25  2:26  Probe  
  26  2:31  Assimilator  
  26  2:34  Probe  
  27  2:41  Stalker  
  27  2:42  Probe  
  30  2:48  Probe  
  31  2:52  Probe  
  32  3:00  Probe  
  32  3:04  Probe  
  33  3:07  Stargate  
  34  3:13  Probe  
  34  3:16  Probe  
  34  3:18  Pylon  
  36  3:25  Probe  
  36  3:26  Probe  
  38  3:36  Probe  
  38  3:37  Probe  
  40  3:49  Probe (Chrono Boost)  
  40  3:50  Void Ray  
  40  3:51  Probe (Chrono Boost)  
  40  3:53  Stargate  
  46  4:01  Probe (Chrono Boost)  
  47  4:04  Sentry, Probe (Chrono Boost)  
  47  4:09  Pylon  
  50  4:11  Probe (Chrono Boost)  
  50  4:15  Probe (Chrono Boost)  
  52  4:22  Probe (Chrono Boost)  
  53  4:33  Void Ray (Chrono Boost)  
  59  4:40  Pylon  
  59  4:42  Void Ray (Chrono Boost)  
  61  4:49  Pylon  
  61  4:57  Probe, Pylon  
  61  4:58  Mothership Core  
  61  4:59  Assimilator  
  64  5:11  Void Ray (Chrono Boost)  
  68  5:18  Void Ray (Chrono Boost)  
  72  5:23  Twilight Council  
  72  5:43  Probe x2, Void Ray (Chrono Boost)  
  72  5:48  Pylon  
  78  5:58  Charge (Chrono Boost)  
  78  6:04  Probe x2  
  80  6:19  Gateway  
  80  6:20  Gateway  
  80  6:21  Gateway  
  80  6:23  Gateway  
  80  6:24  Gateway  
  80  6:25  Gateway  
  80  6:26  Pylon  
  80  6:29  Pylon  
  80  6:30  Gateway  
  80  6:31  Pylon  
  80  6:32  Gateway  
  80  6:35  Void Ray  
  80  6:42  Void Ray  
  88  7:32  Zealot  
  88  7:33  Zealot x5  
  88  7:34  Zealot x3  
Show
View Real Time Build Order
Export as new Build Order

A.I. 2 (Very Easy) Zerg - Winner!

Build Orders:  

Get SALT Encoding   

Show
View Real Time Build Order
Export as new Build Order

A.I. 3 (Very Easy) Zerg - Winner!

Build Orders: Pool Only 

Get SALT Encoding   

  12  0:08  Overlord  
  12  0:13  Drone  
  13  0:32  Spawning Pool  
  13  0:34  Drone  
  13  0:41  Drone  
  13  0:42  Extractor  
  13  0:48  Drone  
  14  1:19  Queen  
  14  1:20  Zergling x2  
  14  1:24  Roach Warren  
  16  1:25  Drone  
  17  1:35  Overlord  
  17  1:39  Extractor  
  16  1:44  Drone  
  17  1:50  Zergling x2  
  18  2:03  Drone  
  19  2:14  Drone  
  20  2:20  Zergling x2  
  21  2:25  Drone  
  21  2:27  Overlord  
  22  2:33  Drone  
  23  2:40  Drone  
  24  2:47  Drone  
  24  2:50  Roach  
  27  6:30  Zergling x2  
  28  6:48  Roach Warren  
  28  6:49  Drone  
  27  7:05  Drone, Spawning Pool  
  27  7:10  Overlord  
Tags
 
Add a new tag
Caveats
  • Supply blocks, unpowered buildings, or Contaminate may cause inaccurate times.
  • Supply counts are checked every 10 seconds.